 Dungeon Crawl Stone Soup version 0.30-a0-335-ge5acde7520 (webtiles) character file.

Game seed: 3227487398176153802

142 Prth the Vexing (level 5, -3/24 HPs)
             Began as a Spriggan Enchanter on Oct 30, 2022.
             Killed from afar by an orc wizard (10 damage)
             ... with a magic dart
             ... on level 3 of the Dungeon.
             The game lasted 00:08:14 (3063 turns).

Prth the Vexing (Spriggan Enchanter)                Turns: 3063, Time: 00:08:15

Health: -3/24      AC:  2    Str:  6    XL:     5   Next: 4%
Magic:  3/13       EV: 17    Int: 17    God:
Gold:   47         SH:  0    Dex: 15    Spells: 5/13 levels left

rFire   . . .      SeeInvis +    j - +6 dagger "Ozxodghate" {drain, SInv Stlth+}
rCold   . . .      Faith    .    (no shield)
rNeg    . . .      Spirit   .    b - +0 robe
rPois   .          Reflect  .    (helmet restricted)
rElec   .          Harm     .    (no cloak)
rCorr   +          Rampage  .    (gloves unavailable)
Will    .....                    (boots unavailable)
Stlth   ++++......               (no amulet)
HPRegen 0.24/turn                i - ring of resist corrosion
MPRegen 0.13/turn                (no ring)

@: very quick
A: very small, no large weapons, unfitting armour, see invisible, speed 3, horns
1
a: no special abilities


You were on level 3 of the Dungeon.
You visited 1 branch of the dungeon, and saw 3 of its levels.

You collected 211 gold pieces.
You spent 164 gold pieces at shops.

Inventory:

Hand Weapons
 a - a +2 dagger
 j - the +6 dagger "Ozxodghate" (weapon) {drain, SInv Stlth+}
   (You bought it in a shop on level 2 of the Dungeon)

   A truly terrible weapon, it drains the life of any living foe it strikes.
   SInv:      It lets you see invisible.
   Stlth:     It makes you more stealthy.
Armour
 b - a +0 robe (worn)
Jewellery
 i - a ring of resist corrosion (left hand)
Potions
 c - 2 potions of invisibility
 d - 2 potions of curing
 e - a potion of might
 f - 2 potions of heal wounds
 g - a potion of magic {unknown}
 h - a potion of haste {unknown}
 k - 2 potions of flight {unknown}
 l - a potion of ambrosia {unknown}


   Skills:
 - Level 1.1 Short Blades
 - Level 2.6 Dodging
 + Level 4.4 Stealth
 + Level 4.9 Spellcasting
 + Level 5.5 Hexes


You had 5 spell levels left.
You knew the following spells:

 Your Spells              Type           Power      Damage    Failure   Level
a - Ensorcelled Hibernat  Hex/Ice        26%        N/A       7%          2
b - Tukima's Dance        Hex            23%        N/A       4%          3
d - Confusing Touch       Hex            23%        N/A       4%          3

Your spell library contained the following spells:

 Spells                   Type           Power      Damage    Failure   Level
 Beastly Appendage        Tmut           8%         N/A       14%         1
 Sandblast                Erth           8%         2d5       14%         1
 Dazzling Flash           Conj/Hex       26%        N/A       14%         3
 Passwall                 Tmut/Erth      3%         N/A       22%         2
 Wereblood                Tmut           4%         N/A       22%         2
 Spider Form              Tmut/Pois      4%         N/A       41%         3
 Stone Arrow              Conj/Erth      8%         3d7       41%         3
 Yara's Violent Unravell  Hex/Tmut       6%         3d5       77%         5
 Passage of Golubria      Tloc           4%         N/A       82%         4


Dungeon Overview and Level Annotations

Branches:
Dungeon (3/15)

Altars:
Xom

Shops:
D:2 ([((*


Innate Abilities, Weirdness & Mutations

You are very small and have problems with some larger weapons.
You are too small for most types of armour.
You have supernaturally acute eyesight. (SInv)
You cover ground extremely quickly. (Speed+++)
You have a pair of small horns on your head.


Message History

The orc is severely wounded.
Your +0 dagger hits the orc.
The orc misses you.
You hit the orc.
You kill the orc!
The orc throws a boomerang.
The boomerang hits you.
The orc hits your +0 dagger with a +0 whip.
Your +0 dagger falls from the air.
You are too injured to fight recklessly!
You are too injured to fight recklessly!
Unknown command.
The orc throws a boomerang.
The boomerang hits you.
* * * LOW HITPOINT WARNING * * *
Casting: Tukima's Dance (quite dangerous; 4% risk of failure)
Confirm with . or Enter, or press ? or * to list all spells.
Aiming: Ensorcelled Hibernation (safe; 7% risk of failure)
Press: ? - help, Shift-Dir - straight line, f/p - orc wizard
Aim: an orc wizard, wearing a +0 robe (severely wounded, chance to affect: 47%)
The orc wizard looks drowsy...
The orc wizard shouts!
Casting: Ensorcelled Hibernation (safe; 7% risk of failure)
Confirm with . or Enter, or press ? or * to list all spells.
Aiming: Ensorcelled Hibernation (safe; 7% risk of failure)
Press: ? - help, Shift-Dir - straight line, f - orc, p - orc wizard
Aim: an orc, wielding a +0 whip and wearing a +0 leather armour (chance to affect: 64%)
The orc wizard is unaffected.
Casting: Ensorcelled Hibernation (safe; 7% risk of failure)
Confirm with . or Enter, or press ? or * to list all spells.
Aiming: Ensorcelled Hibernation (safe; 7% risk of failure)
Press: ? - help, Shift-Dir - straight line, f/p - orc
Aim: an orc, wielding a +0 whip and wearing a +0 leather armour (chance to affect: 64%)
The orc wizard is unaffected.
The orc wizard closely misses you.
Casting: Ensorcelled Hibernation (safe; 7% risk of failure)
Confirm with . or Enter, or press ? or * to list all spells.
Aiming: Ensorcelled Hibernation (safe; 7% risk of failure)
Press: ? - help, Shift-Dir - straight line, f/p - orc
Aim: an orc, wielding a +0 whip and wearing a +0 leather armour (chance to affect: 64%)
The orc wizard is unaffected.
The orc wizard gestures at you while chanting.
The magic dart hits you!
You die...

#.~.#..~.###
#..................
~.⌠.^.#.~~.#
#..................
#.~#.##~~#.#
#..................
^..##)⌠~~.##
#.)...............#
~..⌠#....##
#.o.[.......#####.#
#~.#(.⌠.##
##)#######+## #.#
##.###### #o# #.#
#..# #o# #.# #.##
#@# ######.. #.# #.#
#....#.. #.# #.#
#.##.#.. #.# ###.###
#.##.#.> #.#
#.....#######.##.#..
#.#
#.....##.#..........
#.#
#.....##.#.##.##.###
#.#
#.....##.#.##.##....
#.#
#..÷.....#.##.######


You could see an orc wizard and 2 orcs.

Vanquished Creatures
  An orc wizard (D:3)
  3 adders (D:2)
  A worm (D:3)
  A dart slug (D:1)
  3 orcs (D:3)
  10 ball pythons
  5 bats
  11 endoplasms
  2 giant cockroaches
  6 goblins
  3 hobgoblins
  11 jackals
  4 kobolds
  4 quokkas
  A frilled lizard (D:1)
  6 rats
72 creatures vanquished.

Vanquished Creatures (others)
  A dancing weapon (D:3)
1 creature vanquished.

Grand Total: 73 creatures vanquished

Notes
Turn   | Place    | Note
-------+----------+-------------------------------------------
     0 | D:1      | Prth the Spriggan Enchanter began the quest for the Orb.
     0 | D:1      | Reached XP level 1. HP: 9/9 MP: 5/5
   185 | D:1      | Reached skill level 4 in Hexes
   185 | D:1      | Reached XP level 2. HP: 13/13 MP: 7/7
   188 | D:1      | Learned a level 2 spell: Ensorcelled Hibernation
   435 | D:1      | Gained mutation: Your spells are a little harder to cast,
                  | but a little more powerful. [potion of mutation]
   435 | D:1      | Lost mutation: Your spells are a little harder to cast, but
                  | a little more powerful. [potion of mutation]
   435 | D:1      | Gained mutation: You have a pair of small horns on your
                  | head. [potion of mutation]
   630 | D:1      | Reached XP level 3. HP: 16/16 MP: 9/9
   788 | D:2      | Learned a level 3 spell: Tukima's Dance
   792 | D:2      | Learned a level 3 spell: Confusing Touch
   798 | D:2      | Found Joegihib's Weapon Emporium.
   806 | D:2      | Found Nichiym's General Store.
   817 | D:2      | Bought a scroll of identify for 24 gold pieces
  1050 | D:2      | Reached XP level 4. HP: 12/21 MP: 6/11
  1089 | D:2      | Reached skill level 5 in Hexes
  1155 | D:2      | Found Reuddaeph's Antique Weapon Emporium.
  1178 | D:2      | Found Vaok's Weapon Emporium.
  1281 | D:2      | Found Lusir's Armour Boutique.
  2234 | D:2      | Bought a masterwork dagger for 140 gold pieces
  2234 | D:2      | Identified the +6 dagger "Ozxodghate" {drain, SInv Stlth+}
                  | (You bought it in a shop on level 2 of the Dungeon)
  2545 | D:3      | Reached XP level 5. HP: 24/24 MP: 13/13
  2592 | D:3      | Found a shimmering altar of Xom.
  3053 | D:3      | HP: 1/24 [orc wizard/puff of flame (6)]
  3063 | D:3      | Killed from afar by an orc wizard

Illustrated notes

Levels and vault maps discovered:
D:1:      psy_arrival_heroes, layout_loops_ring
D:2:      layout_basic, serial_shops, nicolae_lakefront_shop,
          nicolae_shop_bloodbath_and_beyond, nicolae_shop_trees, shop,
          nicolae_shop_advertising_works [nicolae_subvault_shop_adworks]
D:3:      layout_basic, tgw_xom

Skill      XL: |  1  2  3  4 |
---------------+-------------+-----
Spellcasting   | 3 4 |  4.9
Hexes          | 4 5 |  5.5
Short Blades   | |  1.1
Dodging        | |  2.6
Stealth        | |  4.4

Action                   |  1- 3 |  4- 6 || total
-------------------------+-------+-------++-------
Melee: Dagger            |   115 |    93 ||   208
       Headbutt          |     9 |     9 ||    18
       Punch             |     1 |       ||     1
 Cast: Ensorcelled Hiber |     7 |     7 ||    14
       Tukima's Dance    |       |     1 ||     1
  Use: Scroll            |     3 |     6 ||     9
       Potion            |     1 |     1 ||     2
 Stab: Sleeping          |    13 |     9 ||    22
       Distracted        |     1 |       ||     1
Armor: Robe              |    18 |     6 ||    24
Dodge: Dodged            |   103 |    54 ||   157

Table legend: (Time is in decaauts)
 A = Elapsed time spent in this place.
 B = Non-inter-level travel time spent in this place.
 C = Inter-level travel time spent in this place.
 D = Time resting spent in this place.
 E = Time spent auto-exploring this place.
 F = Levels seen in this place.
 G = Mean time per level.
                   A        B        C        D        E       F      G
               +--------+--------+--------+--------+--------+-----+--------+
         Total |   2086 |   2007 |     79 |     20 |   1483 |   3 |  695.3 |
       Dungeon |   2086 |   2007 |     79 |     20 |   1483 |   3 |  695.3 |
               +--------+--------+--------+--------+--------+-----+--------+

Top non-repeatable levels by time:
     D:3: 784 daAuts
     D:2: 773 daAuts
     D:1: 528 daAuts
